Match 46838361
Unlisted

Match 46838361
End
Scout Squad
Construct Barracks
Riflemen Squad
Riflemen Squad
Selects Advanced Infantry Battlegroup
Riflemen Squad
Infantry Support Center
Selects Convert to Ranger Squad
Convert to Ranger Squad
Construct Medical Station
Selects Artillery Observers
Construct Motor Pool
Rutherford B. Hayes
PutPut-AutistInPerfection
warter
kapoc849
0
0

Comments sign in to comment!

No comments posted yet!